 Dungeon Crawl Stone Soup version 0.25-a0-482-g9b3b753f3f (webtiles) character file.

Game seed: 319758137672076506, levelgen mode: deterministic

96 ICC the Insei (level 4, -6/22 HPs)
             Began as a Vine Stalker Transmuter on Feb 10, 2020.
             Mangled by an ogre
             ... wielding a +0 giant club
              (17 damage)
             ... on level 3 of the Dungeon.
             The game lasted 00:08:19 (1651 turns).

ICC the Insei (Vine Stalker Transmuter)             Turns: 1651, Time: 00:08:19

Health: -6/22      AC:  2    Str: 14    XL:     4   Next: 67%
Magic:  0/8        EV: 12    Int: 13    God:
Gold:   88         SH:  0    Dex: 14    Spells: 4/7 levels left

rFire    . . .     SeeInvis .     - Unarmed
rCold    . . .     Gourm    .   (no shield)
rNeg     . . .     Faith    .   (no armour)
rPois    .         Spirit   +   (no helmet)
rElec    .         Reflect  .   (no cloak)
rCorr    .         Harm     .   (no gloves)
MR       .....                  (no boots)
Stlth    +.........             (no amulet)
HPRegen  0.47/turn              i - ring of flight
MPRegen  0.11/turn              p - +2 ring of protection

@: appendage
A: fangs 2, horns 2, regeneration 1, magic shield, antimagic bite, no potion
heal 3, rot immunity
a: End Transformation, Evoke Flight


You were on level 3 of the Dungeon.
You were not hungry.
You had grown temporary horns.
You visited 1 branch of the dungeon, and saw 3 of its levels.

You collected 88 gold pieces.

Inventory:

Missiles
 a - 29 arrows
 b - 3 datura-tipped darts
 c - 56 stones (quivered)
Armour
 m - a +0 robe of positive energy
Jewellery
 i - a ring of flight (left hand)
 p - a +2 ring of protection (right hand)
Scrolls
 g - 2 scrolls of identify {unknown}
 h - a scroll of immolation {unknown}
 j - 2 scrolls of fear {unknown}
 k - a scroll of random uselessness {unknown}
 l - a scroll of remove curse {unknown}
 o - a scroll of noise {unknown}
Potions
 e - a potion of degeneration {unknown}
 f - a potion of brilliance {unknown}
 n - a potion of heal wounds {unknown}
Comestibles
 d - 2 rations


   Skills:
 - Level 1.0 Fighting
 - Level 2.0 Dodging
 - Level 4.0 Unarmed Combat
 - Level 2.1 Spellcasting
 + Level 3.5 Transmutations


You had 4 spell levels left.
You knew the following spells:

 Your Spells              Type           Power        Failure   Level  Hunger
a - Beastly Appendage     Tmut           ##....       6%          1    ##.....
b - Sticks to Snakes      Tmut           ##......     9%          2    ###....

Your spell library contained the following spells:

 Spells                   Type           Power        Failure   Level  Hunger
 Spider Form              Tmut/Pois      #.........   36%         3    ####...
 Ice Form                 Ice/Tmut       #.......     77%         4    #####..
 Blade Hands              Tmut           ##........   85%         5    ######.


Dungeon Overview and Level Annotations

Branches:
Dungeon (3/15)

Altars:
Nemelex Xobeh
Zin
The Shining One


Innate Abilities, Weirdness & Mutations

You have extremely sharp teeth.
Your natural rate of healing is unusually fast.
When hurt, damage is shared between your health and your magic reserves.
Your bite disrupts and absorbs the magic of your enemies.
Potions cannot restore your health.
You are immune to rotting.
You have a pair of horns on your head.


Message History

You grow a pair of large bovine horns.
You closely miss the ogre. You bite the ogre, but do no damage.
The ogre is lightly wounded.
The ogre misses you.
Casting: Beastly Appendage (safe; 6% risk of failure)
Confirm with . or Enter, or press ? or * to list all spells.
You create a snake!
You now have 29 arrows.
The ogre hits you with a +0 giant club!
Ouch! That really hurt!
You barely miss the ogre.
The ogre is lightly wounded.
You barely miss the ogre. You headbutt the ogre. Your bite misses the ogre.
The ogre is lightly wounded.
The ogre closely misses you.
Your ball python completely misses the ogre.
You hit the ogre. You bite the ogre. You drain its power.
You feel invigorated.
The ogre is moderately wounded.
The ogre hits you with a +0 giant club!!
Ouch! That really hurt!
You die...

#.##(# #.#
#.##%# #.#
#<##(# #.#
#÷##$# #.#
#.##(# #.#
#.##.# #.#
#.##.# #.#
#.##O###.#
#####.##S@...#
#.....†...####
#.######..#
#......#
#.###.## ._.
.#.# #.... #
(..


You could see an ogre and a friendly ball python.

Vanquished Creatures
  Jessica (D:2)
  An adder (D:3)
  A worm (D:2)
  3 dart slugs (D:1)
  A leopard gecko (D:1)
  3 giant cockroaches (D:2)
  5 goblins
  6 hobgoblins
  4 jackals
  8 bats
  7 frilled lizards
  11 kobolds
  2 rats
  A plant (D:2)
54 creatures vanquished.

Notes
Turn   | Place    | Note
-------+----------+-------------------------------------------
     0 | D:1      | ICC the Vine Stalker Transmuter began the quest for the
                  | Orb.
     0 | D:1      | Reached XP level 1. HP: 9/9 MP: 4/4
    26 | D:1      | Reached skill level 1 in Fighting
    65 | D:1      | Reached XP level 2. HP: 1/14 MP: 1/6
    75 | D:1      | Learned a level 2 spell: Sticks to Snakes
   396 | D:1      | Reached XP level 3. HP: 12/18 MP: 7/7
   590 | D:1      | Reached skill level 4 in Unarmed Combat
   977 | D:2      | Noticed Jessica
   986 | D:2      | Killed Jessica
   986 | D:2      | Gained mutation: Your natural rate of healing is unusually
                  | fast. [Vine Stalker growth]
   986 | D:2      | Reached XP level 4. HP: 17/22 MP: 4/8
  1074 | D:2      | Found a sparkling altar of Nemelex Xobeh.
  1525 | D:2      | Found a glowing silver altar of Zin.
  1619 | D:3      | Found a glowing golden altar of the Shining One.
  1639 | D:3      | Noticed an ogre
  1651 | D:3      | Mangled by an ogre

Levels and vault maps discovered:
D:1:      scummos_arrival_simple_crosswalls, layout_loops_cross
D:2:      cheibrodos_old_hovel, layout_basic, lemuel_coloured_pillars_altar,
          nemelex_lonely_heart_becter, uniq_jessica
D:3:      layout_loops_ring, lemuel_crystal_altar,
          nicolae_overflow_crystal_walls, first_ration

Skill      XL: |  1  2  3 |
---------------+----------+-----
Fighting       | 1 |  1.0
Dodging        | 2 |  2.0
Unarmed Combat | 4 |  4.0
Transmutations | 3 |  3.5
Spellcasting   | |  2.1

Action                   |  1- 3 |  4- 6 || total
-------------------------+-------+-------++-------
Melee: Unarmed           |   125 |    48 ||   173
       Bite              |    30 |    15 ||    45
       Kick              |     2 |     2 ||     4
       Headbutt          |     1 |     1 ||     2
       Punch             |       |     1 ||     1
Throw: Stone             |    47 |    40 ||    87
 Cast: Beastly Appendage |     6 |     4 ||    10
       Sticks to Snakes  |     1 |     2 ||     3
 Stab: Distracted        |     1 |       ||     1
       Sleeping          |     1 |       ||     1
  Eat: Chunk             |       |     3 ||     3
Armor: Robe              |    19 |       ||    19
       Skin              |       |     1 ||     1
Dodge: Dodged            |    54 |    30 ||    84

Table legend:
 A = Non-vault XP
 B = Vault XP
 C = Vault XP percentage of total XP
 D = Non-vault monster count
 E = Vault monster count
 F = Vault count percentage of total count
                 A         B        C        D         E       F
            +---------+---------+-------+---------+---------+-------
      Total |     100 |      38 |  27.5 |      51 |       2 |   3.8
            +---------+---------+-------+---------+---------+-------
        D:1 |      48 |       0 |   0.0 |      26 |       0 |   0.0
        D:2 |      38 |      38 |  50.0 |      22 |       2 |   8.3
        D:3 |      14 |       0 |   0.0 |       3 |       0 |   0.0
            +---------+---------+-------+---------+---------+-------
